 Dungeon Crawl Stone Soup version 0.21.1-1-g345015fe64 (webtiles) character file.

245 Ivernyr the Ogre Mage (level 6, -1/61 HPs)
             Began as an Ogre Wizard on Apr 9, 2018.
             Slain by a worker ant (7 damage)
             ... on level 3 of the Dungeon.
             The game lasted 00:14:35 (4626 turns).

Ivernyr the Ogre Mage (Ogre Wizard)                 Turns: 4626, Time: 00:14:36

Health: -1/61      AC:  5    Str:  9 (12) XL:     6   Next: 10%
Magic:  1/13       EV:  9    Int: 20 (21) God:
Gold:   120        SH:  0    Dex:  6 (7)  Spells: 5/14 levels left

rFire    . . .     SeeInvis .   p - +0 spear
rCold    . . .     Gourm    .   (no shield)
rNeg     . . .     Faith    .   a - +2 robe {MR+}
rPois    .         Spirit   .   b - +0 hat
rElec    .         Reflect  .   (no cloak)
rCorr    .         Harm     .   (gloves unavailable)
MR       +....                  (boots unavailable)
Stlth    +.........             l - amulet of regeneration
HPRegen  0.60/turn              (no ring)
MPRegen  0.13/turn              (no ring)

@: flying
A: large, unfitting armour, tough skin 1
a: no special abilities


You were on level 3 of the Dungeon.
You were very hungry.

You visited 1 branch of the dungeon, and saw 4 of its levels.

You collected 120 gold pieces.

Inventory:

Hand Weapons
 p - a +0 spear (weapon)
Armour
 a - a +2 robe of magic resistance (worn)
 b - a +0 hat (worn)
Jewellery
 l - an amulet of regeneration (around neck)
Scrolls
 f - a scroll of magic mapping
 i - 2 scrolls of enchant armour
 k - a scroll of remove curse
 o - a scroll of noise {unknown}
 q - 2 scrolls of teleportation {unknown}
 r - a scroll of fear {unknown}
Potions
 h - a potion of ambrosia {unknown}
 j - a potion of berserk rage {unknown}
 m - a potion of degeneration
 n - a potion of might {unknown}
Books
 c - a book of Minor Magic

   Spells                             Type                      Level
   a - Magic Dart                     Conjuration                  1
   b - Blink                          Translocation                2
   c - Call Imp                       Summoning                    2
   d - Slow                           Hexes                        2
   e - Conjure Flame                  Conjuration/Fire             3
   f - Mephitic Cloud                 Conjuration/Poison/Air       3
Comestibles
 d - 9 rations


   Skills:
 + Level 3.3 Fighting
 - Level 2.0 Dodging
 - Level 1.4 Stealth
 + Level 4.8 Spellcasting
 * Level 3.7 Conjurations
   Level 0.8 Summonings
 - Level 0.8 Translocations


You had 5 spell levels left.
You knew the following spells:

 Your Spells              Type           Power        Failure   Level  Hunger
a - Magic Dart            Conj           ###.         2%          1    None
b - Blink                 Tloc           N/A          13%         2    #......
c - Conjure Flame         Conj/Fire      ##......     16%         3    ##.....
d - Mephitic Cloud        Conj/Pois/Air  #.......     22%         3    ##.....


Dungeon Overview and Level Annotations

Branches:
Dungeon (4/15)
 Temple: D:4-7

Altars:
Fedhas
Okawaru
Qazlal

Annotations:
D:2 2 transporters


Innate Abilities, Weirdness & Mutations

You are too large for most types of armour.
You have tough skin. (AC +1)


Message History

You feel sick. The worker ant bites you.
* * * LOW HITPOINT WARNING * * *
Casting: Blink
Confirm with . or Enter, or press ? or * to list all spells.
You blink.
It was a potion of degeneration.
There was something very wrong with that liquid.
You feel weakened.
You feel dopey.
You feel clumsy.
You feel sick.
It was a potion of flight.
You feel very buoyant.
You fly up into the air.
The worker ant bites you.
* * * LOW HITPOINT WARNING * * *
You are lethally poisoned!
The worker ant poisons you!
You feel better. The worker ant barely misses you. The worker ant bites you.
* * * LOW HITPOINT WARNING * * *
The worker ant bites you!
You die...

##### ###### ### ##...##
#....# #.###.....## #....#
#####.##.......# #....#
##..#..##.......# #....#
#..@#..##.....<.# # ###....#
##.#a#..###......#
####......###..(.#.###.......#
#....#.............# #.......#
..###.....#.......####.......#
##..(.....#.......#.........##
...######.#........)....(..##
...#### #.##.........##)####
......###>.#......#####.#


You could see a worker ant.

Vanquished Creatures
  A howler monkey (D:4)
  A hound (D:3)
  4 gnolls
  4 adders
  2 oozes
  2 worms
  3 dart slugs
  4 leopard geckos
  3 orcs (D:3)
  10 bats
  3 giant cockroaches
  6 hobgoblins
  6 jackals (D:1)
  A quokka (D:2)
  A ball python (D:1)
  3 frilled lizards (D:1)
  6 goblins
  10 kobolds
  11 rats
81 creatures vanquished.

Notes
Turn   | Place    | Note
-------+----------+-------------------------------------------
     0 | D:1      | Ivernyr the Ogre Wizard began the quest for the Orb.
     0 | D:1      | Reached XP level 1. HP: 16/16 MP: 5/5
    54 | D:1      | Reached skill level 1 in Conjurations
   353 | D:1      | Reached XP level 2. HP: 22/24 MP: 2/6
   395 | D:1      | Learned a level 2 spell: Blink
  1000 | D:1      | Reached XP level 3. HP: 32/32 MP: 5/8
  1035 | D:1      | Reached skill level 1 in Fighting
  1048 | D:1      | Learned a level 3 spell: Conjure Flame
  1052 | D:1      | Learned a level 3 spell: Mephitic Cloud
  1110 | D:1      | Reached skill level 4 in Spellcasting
  2177 | D:2      | Reached XP level 4. HP: 41/41 MP: 3/10
  2722 | D:2      | Found a transporter.
  2723 | D:2      | Noticed a black bear
  2724 | D:2      | Found a stormy altar of Qazlal.
  2733 | D:2      | Noticed an orc warrior
  2745 | D:2      | Found a transporter.
  2935 | D:2      | Found an iron altar of Okawaru.
  2995 | D:3      | Found a blossoming altar of Fedhas.
  3085 | D:2      | Reached XP level 5. HP: 20/50 MP: 0/11
  4496 | D:4      | Reached XP level 6. HP: 54/61 MP: 3/13
  4619 | D:3      | HP: 2/61 [worker ant (4)]
  4626 | D:3      | Slain by a worker ant

Skill      XL: |  1  2  3  4  5 |
---------------+----------------+-----
Conjurations   | 1 2 3 |  3.7
Dodging        | 2 |  2.0
Fighting       | 1 2 3 |  3.3
Spellcasting   | 4 |  4.8
Stealth        | |  1.4
Summonings     | |  0.8
Translocations | |  0.8

Action                   |  1- 3 |  4- 6 || total
-------------------------+-------+-------++-------
Melee: Unarmed           |    62 |     9 ||    71
       Spear             |       |    31 ||    31
 Cast: Magic Dart        |    98 |   132 ||   230
       Blink             |       |     9 ||     9
  Use: Scroll            |       |     5 ||     5
       Potion            |       |     4 ||     4
  Eat: Chunk             |     4 |     6 ||    10
Armor: Robe              |    35 |    16 ||    51
Dodge: Dodged            |    72 |    52 ||   124
